 Dungeon Crawl Stone Soup version 0.25-b1-23-ge2ad7d536c (webtiles) character file.

Game seed: 7148805293171510960, levelgen mode: deterministic

2913 Dirian the Carver (level 9, 0/78 HPs)
             Began as a Minotaur Fighter on May 28, 2020.
             Was a Believer of Okawaru.
             Succumbed to a killer bee's poison
             ... on level 7 of the Dungeon.
             The game lasted 00:10:56 (6786 turns).

Dirian the Carver (Minotaur Fighter)                Turns: 6786, Time: 00:10:57

Health: 0/78       AC: 12    Str: 22    XL:     9   Next: 49%
Magic:  8/8        EV:  6    Int: 11    God:    Okawaru [**....]
Gold:   264        SH: 11    Dex: 12    Spells: 8/8 levels left

rFire    . . .     SeeInvis .   a - +1 long sword
rCold    . . .     Gourm    .   c - +0 kite shield
rNeg     . . .     Faith    .   g - +0 chain mail
rPois    .         Spirit   .   (helmet restricted)
rElec    .         Reflect  .   q - +0 cloak
rCorr    .         Harm     .   (no gloves)
MR       .....                  y - +0 pair of boots
Stlth    ..........             (no amulet)
HPRegen  0.23/turn              C - +6 ring of intelligence
MPRegen  0.11/turn              i - ring of wizardry

@: lethally poisoned (0 -> -4), drained
A: retaliatory headbutt, horns 2
a: Heroism, Renounce Religion


You were on level 7 of the Dungeon.
You worshipped Okawaru.
Okawaru was pleased with you.
You were not hungry.

You visited 2 branches of the dungeon, and saw 9 of its levels.

You collected 264 gold pieces.

Inventory:

Hand Weapons
 a - a +1 long sword (weapon)
 n - a +0 dagger of flaming
 o - a +0 long sword
Armour
 c - a +0 kite shield (worn)
 g - a +0 chain mail (worn)
 q - a +0 cloak (worn)
 y - a +0 pair of boots (worn)
Jewellery
 i - a ring of wizardry (right hand)
 m - an uncursed ring of teleportation
 C - a +6 ring of intelligence (left hand)
 D - an uncursed ring of poison resistance {unknown}
Wands
 d - a wand of polymorph (9)
 p - a wand of flame (38)
 r - a wand of random effects (37)
 s - a wand of paralysis (18)
 x - a wand of clouds (12)
 E - a wand of enslavement (12)
Scrolls
 e - a scroll of teleportation
 l - 5 scrolls of remove curse
 A - a scroll of immolation
 B - a scroll of magic mapping
Potions
 h - a potion of haste
 j - 2 potions of flight
 k - a potion of lignification
 v - a potion of magic
 w - a potion of brilliance
 z - a potion of heal wounds
Comestibles
 f - 15 rations


   Skills:
 + Level 6.4(5.7) Fighting
 * Level 11.5(10.7) Long Blades
 + Level 7.2(6.5) Armour
 + Level 7.8(7.1) Shields


You had 8 spell levels left.
You didn't know any spells.
Your spell library was empty.

Dungeon Overview and Level Annotations

Branches:
Dungeon (8/15)             Temple (1/1) D:4
   Lair: D:8-11

Altars:
Ashenzari
Cheibriados
Dithmenos
Elyvilon
Fedhas
Gozag
Hepliaklqana
Kikubaaqudgha
Makhleb
Nemelex Xobeh
Okawaru
Qazlal
Ru
Sif Muna
Trog
Uskayaw
Vehumet
Wu Jian
Xom
Yredelemnul
Zin
The Shining One

Shops:
D:8 (


Innate Abilities, Weirdness & Mutations

You reflexively headbutt those who attack you in melee.
You have a pair of horns on your head.


Message History

The killer bee is lightly wounded.
The wight hits you but does no damage.
The steam dragon bites you but does no damage.
The steam dragon claws you but does no damage.
You block the killer bee's attack.
You feel better. You block the killer bee's attack. The killer bee stings you.
* * * LOW HITPOINT WARNING * * *
You are poisoned.
The killer bee poisons you!
The killer bee stings you but does no damage.
The wight closely misses you. The wight barely misses you.
The steam dragon bites you.
* * * LOW HITPOINT WARNING * * *
The steam dragon claws you but does no damage.
The wight hits you with a +0 battleaxe.
* * * LOW HITPOINT WARNING * * *
You feel drained.
* * * LOW HITPOINT WARNING * * *
The killer bee stings you but does no damage.
You die...

#### ### #..### ##.###....
#...#...# ##.#.....#######
##..#..z.###.##.#
#.....).z##..#..###
###......zo.z......#
..###.#..##..oD@y.....##
.zo...z.###..oz.y......#
z.##..z.......[......###
....................##
..##.................##
......................####
.......................#.#
.................##....#.##
..............#####.##....##


You could see a steam dragon, an orc warrior, 2 killer bees, 5 wights and 2
orcs.

Vanquished Creatures
  Pikel (D:6)
  Grinder (D:4)
  Sigmund (D:3)
  Eustachio (D:6)
  Menkaure (D:5)
  A water moccasin (D:6)
  A sky beast (D:6)
  4 black bears
  2 slaves (D:6)
  A centaur (D:6)
  An ogre (D:4)
  2 bullfrogs
  A scorpion (D:5)
  2 howler monkeys
  2 crimson imps
  A hound (D:4)
  2 centaur skeletons
  An orc priest (D:4)
  A gnoll shaman (D:5)
  An iguana (D:5)
  Ijyb (D:3)
  4 worker ants
  Natasha (thrice) (D:3)
  8 orc wizards
  A hound zombie (D:7)
  Robin (D:3)
  3 adders
  3 gnolls (D:5)
  A shadow imp (D:4)
  3 oozes
  An adder zombie (D:6)
  An adder skeleton (D:4)
  2 worms
  2 dart slugs
  6 leopard geckos
  35 orcs
  7 bats
  5 giant cockroaches
  11 goblins
  9 hobgoblins
  4 jackals (D:4)
  3 quokkas
  2 ball pythons
  8 frilled lizards
  A kobold (D:3)
  8 rats
161 creatures vanquished.

Vanquished Creatures (others)
  A slave (D:6)
1 creature vanquished.

Grand Total: 162 creatures vanquished

Notes
Turn   | Place    | Note
-------+----------+-------------------------------------------
     0 | D:1      | Dirian the Minotaur Fighter began the quest for the Orb.
     0 | D:1      | Reached XP level 1. HP: 19/19 MP: 0/0
   112 | D:1      | Reached XP level 2. HP: 26/27 MP: 1/1
   589 | D:1      | Reached skill level 3 in Long Blades
   651 | D:1      | Reached XP level 3. HP: 33/33 MP: 2/2
  1282 | D:3      | Reached XP level 4. HP: 19/40 MP: 3/3
  1383 | D:3      | Reached skill level 4 in Long Blades
  1808 | D:3      | Reached XP level 5. HP: 43/46 MP: 4/4
  1862 | D:3      | Reached skill level 5 in Long Blades
  1962 | D:3      | Found a sparkling altar of Nemelex Xobeh.
  1965 | D:3      | Noticed Robin
  1988 | D:3      | Noticed Sigmund
  1994 | D:3      | Killed Robin
  2000 | D:4      | Noticed an ogre
  2008 | D:3      | Killed Sigmund
  2008 | D:3      | Reached skill level 6 in Long Blades
  2008 | D:3      | Reached XP level 6. HP: 14/53 MP: 5/5
  2250 | D:3      | Found a stormy altar of Qazlal.
  2313 | D:3      | Noticed Ijyb
  2325 | D:3      | Paralysed by Ijyb for 7 turns
  2333 | D:3      | Killed Ijyb
  2437 | D:3      | Noticed Natasha
  2446 | D:3      | Killed Natasha
  2446 | D:3      | Reached skill level 5 in Armour
  2615 | D:3      | Noticed Natasha
  2620 | D:3      | Killed Natasha
  2659 | D:3      | Noticed Natasha
  2667 | D:3      | Killed Natasha
  2812 | D:4      | Noticed Grinder
  2828 | D:4      | Killed Grinder
  2828 | D:4      | Reached skill level 7 in Long Blades
  2828 | D:4      | Reached skill level 5 in Shields
  2828 | D:4      | Reached XP level 7. HP: 55/60 MP: 6/6
  3056 | D:4      | Reached skill level 8 in Long Blades
  3118 | D:4      | Reached skill level 5 in Fighting
  3391 | D:4      | Found a hide-covered altar of Uskayaw.
  3402 | D:4      | Noticed a +0 dagger
  3403 | D:4      | Noticed a +0 hand axe
  3542 | D:4      | Found a staircase to the Ecumenical Temple.
  3759 | D:4      | Reached XP level 8. HP: 67/68 MP: 7/7
  3834 | D:4      | You fall into a shaft and drop 1 floor!
  3834 | D:5      | Entered Level 5 of the Dungeon
  3870 | D:5      | Reached skill level 9 in Long Blades
  3899 | D:5      | Found a white marble altar of Elyvilon.
  4423 | Temple   | Entered the Ecumenical Temple
  4640 | Temple   | Became a worshipper of Warmaster Okawaru
  4801 | D:5      | Noticed Menkaure
  4807 | D:5      | Killed Menkaure
  5164 | D:5      | Found a shimmering altar of Xom.
  5287 | D:6      | Reached skill level 10 in Long Blades
  5492 | D:6      | Noticed Pikel
  5495 | D:6      | Noticed Eustachio
  5525 | D:6      | Killed Pikel
  5525 | D:6      | Reached * piety under Okawaru
  5525 | D:6      | Reached XP level 9. HP: 52/75 MP: 8/8
  5550 | D:6      | Killed Eustachio
  5882 | D:6      | Reached skill level 11 in Long Blades
  6451 | D:7      | Reached ** piety under Okawaru
  6775 | D:8      | Found Dovvilim's Weapon Shop.
  6783 | D:7      | HP: 3/78 [wight/+2 great sword (1)]
  6784 | D:7      | HP: 1/78 [killer bee (2)]
  6786 | D:7      | Succumbed to a killer bee's poison

Illustrated notes

Levels and vault maps discovered:
D:1:      wheals_arrival_shading, layout_basic, nrook_uturn
D:2:      layout_rooms
D:3:      layout_basic, nicolae_qazlal_general_emergency, st_stairs_7,
          dk_vineyard_1, nemelex_xobeh_ov_fountains_minmay, uniq_ijyb,
          uniq_natasha, uniq_robin, uniq_sigmund
D:4:      layout_loops_corners, dancing_weapons_uskayaw,
          minmay_temple_entry_poolview, uniq_grinder
D:5:      layout_cave_pools, elyvilon_altar_5, lemuel_doored_altar,
          first_ration, chequers_serial_rivers_room_b, uniq_menkaure
D:6:      layout_cave_pools, kennysheep_crisscross, uniq_eustachio, uniq_pikel
D:7:      cheibrodos_iron_armory, layout_cave_pools, basic_altar, the_bakery
D:8:      layout_rooms, serial_shops, shop, gammafunk_ghost_wrathful_warriors,
          grunt_decor_cap, grunt_ministairs_1
Temple:   dpeg_five_rooms_temple

Skill      XL: |  1  2  3  4  5  6  7  8  9 |
---------------+----------------------------+-----
Fighting       | 4 5 6 |  6.4
Long Blades    | 3 4 6 7 8 10 11 | 11.5
Armour         | 4 5 6 7 |  7.2
Shields        | 4 5 7 |  7.8

Action                   |  1- 3 |  4- 6 |  7- 9 || total
-------------------------+-------+-------+-------++-------
Melee: Long sword        |    78 |   115 |   320 ||   513
       Headbutt          |     9 |    16 |    62 ||    87
  Use: Potion            |       |     1 |     1 ||     2
       Scroll            |       |     4 |    12 ||    16
  Eat: Chunk             |     1 |     5 |    13 ||    19
Armor: Scale mail        |    28 |    48 |     3 ||    79
       Chain mail        |       |       |   188 ||   188
Dodge: Dodged            |    16 |    30 |    76 ||   122
Block: Kite shield       |    28 |    62 |   202 ||   292
       Rpst.: Long sword |     2 |     7 |    18 ||    27
